 Dungeon Crawl Stone Soup version 0.28.0-45-g0d030f2227 (webtiles) character file.

Game seed: 8453001836863806650

25 101zpm the Chiller (level 2, -1/15 HPs)
             Began as a Deep Elf Ice Elementalist on Apr 20, 2022.
             Slain by a hobgoblin (5 damage)
             ... on level 1 of the Dungeon.
             The game lasted 00:01:49 (1086 turns).

101zpm the Chiller (Deep Elf Ice Elementalist)      Turns: 1086, Time: 00:01:50

Health: -1/15      AC:  2    Str:  5    XL:     2   Next: 86%
Magic:  4/8        EV: 12    Int: 19    God:
Gold:   49         SH:  0    Dex: 15    Spells: 7/8 levels left

rFire   . . .      SeeInvis .   g - +2 short sword (venom)
rCold   . . .      Faith    .   (no shield)
rNeg    . . .      Spirit   .   a - +0 robe
rPois   .          Reflect  .   (no helmet)
rElec   .          Harm     .   (no cloak)
rCorr   .          Rampage  .   (no gloves)
Will    .....                   (no boots)
Stlth   ++........              (no amulet)
HPRegen 0.05/turn               (no ring)
MPRegen 0.11/turn               (no ring)

@: very slightly contaminated
A: no striking features
a: no special abilities


You were on level 1 of the Dungeon.
You visited 1 branch of the dungeon, and saw 1 of its levels.

You collected 49 gold pieces.

Inventory:

Hand Weapons
 g - a +2 short sword of venom (weapon)
Missiles
 b - 23 arrows
Armour
 a - a +0 robe (worn)
Magical Staves
 h - a staff of death
Jewellery
 d - a ring of flight
Scrolls
 c - a scroll of teleportation {unknown}
 f - a scroll of torment {unknown}
Potions
 e - a potion of attraction {unknown}


   Skills:
 + Level 2.4 Dodging
 + Level 2.5 Stealth
 + Level 3.6 Spellcasting
 + Level 5.0 Ice Magic


You had 7 spell levels left.
You knew the following spells:

 Your Spells              Type           Power      Damage    Failure   Level
a - Freeze                Ice            88%        1d10      1%          1

Your spell library contained the following spells:

 Spells                   Type           Power      Damage    Failure   Level
 Frozen Ramparts          Ice            44%        1d6       5%          3
 Ozocubu's Armour         Ice            22%        N/A       5%          3
 Hailstorm                Conj/Ice       13%        3d5       45%         4


Dungeon Overview and Level Annotations

Branches:
Dungeon (1/15)

Altars:


Message History

You are too injured to fight recklessly!
You are too injured to fight recklessly!
You are too injured to fight recklessly!
You are too injured to fight recklessly!
You are too injured to fight recklessly!
You are too injured to fight recklessly!
You are too injured to fight recklessly!
You are too injured to fight recklessly!
You are too injured to fight recklessly!
You are too injured to fight recklessly!
You are too injured to fight recklessly!
You are too injured to fight recklessly!
You are too injured to fight recklessly!
Aiming: Freeze (safe; 1% risk of failure)
Press: ? - help, Q - select action Shift-Dir - straight line, f - hobgoblin
Aim: a hobgoblin You freeze the hobgoblin.
The hobgoblin is moderately wounded.
The hobgoblin barely misses you. The hobgoblin hits you.
Aiming: Freeze (safe; 1% risk of failure)
Press: ? - help, Q - select action Shift-Dir - straight line, f/p - hobgoblin
Aim: a hobgoblin (lightly wounded)
You freeze the hobgoblin!
You kill the hobgoblin!
The hobgoblin hits you.
* * * LOW HITPOINT WARNING * * *
Aiming: Freeze (safe; 1% risk of failure)
Press: ? - help, Q - select action Shift-Dir - straight line, f - hobgoblin
Aim: a hobgoblin You freeze the hobgoblin.
The hobgoblin is moderately wounded.
The hobgoblin barely misses you.
Aiming: Freeze (safe; 1% risk of failure)
Press: ? - help, Q - select action Shift-Dir - straight line, f/p - hobgoblin
Aim: a hobgoblin (moderately wounded)
You miscast Freeze.
You are very lightly contaminated with residual magic.
Nothing appears to happen.
The hobgoblin hits you.
You die...

......... .......# #####
.......#.## .....
......## ..## #.....
.......# ...# .......
.######## #..###.....g.
.# #..PP. #..#..# ..#
.##P..... #...##.g.#
.#........ ###..@†#..###
.#######.###...†.g......
.......#.#....##........
.#####.#.###............
.#...#.#.. ####.....####
.##P.#.#. ##.##..# . .#
P.#.#. ###..##..#....
.#####.#.
#........#....#
.......#.
#..####..#....#


You could see a hobgoblin.

Vanquished Creatures
  4 ball pythons (D:1)
  2 bats (D:1)
  4 endoplasms (D:1)
  A giant cockroach (D:1)
  A goblin (D:1)
  3 hobgoblins (D:1)
  2 jackals (D:1)
  A quokka (D:1)
  A frilled lizard (D:1)
  3 kobolds (D:1)
22 creatures vanquished.

Notes
Turn   | Place    | Note
-------+----------+-------------------------------------------
     0 | D:1      | 101zpm the Deep Elf Ice Elementalist began the quest for
                  | the Orb.
     0 | D:1      | Reached XP level 1. HP: 10/10 MP: 6/6
   170 | D:1      | Reached XP level 2. HP: 15/15 MP: 4/8
   283 | D:1      | Reached skill level 5 in Ice Magic
  1086 | D:1      | Slain by a hobgoblin

Illustrated notes

Levels and vault maps discovered:
D:1:      dpeg_arrival_shrine, layout_rooms, serial_aquarium,
          aquarium_bridge_long_joined [aquarium_subvault_bridge,
          aquarium_subvault_wall, aquarium_subvault_wall,
          aquarium_subvault_bridge, aquarium_subvault_wall,
          aquarium_subvault_balcony], aquarium_window_fake,
          aquarium_window_fake, aquarium_window_1, aquarium_window_corridor_1,
          aquarium_view_2f, aquarium_view_2c, aquarium_balcony_3a,
          shapermc_ecumenical_altar_mp_vishouse, corexii_leaking_fountain

Skill      XL: |  1  2 |
---------------+-------+-----
Ice Magic      | 5 |  5.0
Dodging        | |  2.4
Stealth        | |  2.5
Spellcasting   | |  3.6

Action                   || total
-------------------------++-------
Melee: Short sword       ||     8
       Unarmed           ||     3
 Cast: Freeze            ||    32
 Stab: Sleeping          ||     1
Armor: Robe              ||     5
Dodge: Dodged            ||    27
